cohdb
Replays
Latest Replays
All Replays
Popular Replays
Top Player Replays
Match Explorer
How It Works
Community
CoH3 Stats
Reddit
Sign in to upload your games and track your stats! →
Sign in with Steam
Match 44777035
Unlisted
Match 44777035
Overview
Messages
Build Orders
End
Construct Infanterie Kompanie
Pioneer Squad
Selects Breakthrough Battlegroup
Selects Assault Grenadiers
MG 42 Machine Gun Team
MG 42 Machine Gun Team
Grenadier Squad
GrW 34 Mortar Team
Construct Luftwaffe Kompanie
221 Scout Car
Selects Rapid Production
Jäger Squad
Jäger Squad
MG 42 Bunker
Construct Panzer Kompanie
Forward Retreat Point
Selects Blitzkrieg
Panzer IV Medium Tank
Side Skirts
Stoßtruppen Squad
Pioneer Squad
Repair Bunker
Selects Panzer IV Command Tank Sd.Kfz. 161/1
Panzer IV Medium Tank
Grenadier Squad
Selects Smoke Bombing Run
Selects Incendiary Bombing Run
Panzer IV Medium Tank
Panzer IV Command Tank
Gwangju's Hero Chun Doo-gwang
freedman1984
.Mercury-uK
max
alphaelf
♛Prince-Of-Persia♛
A-Kai
Meleys
0
0
Comments
sign in to comment!
No comments posted yet!